 Dungeon Crawl Stone Soup version 0.28-a0-1510-gd0f6b136d3 (webtiles) character file.

Game seed: 14635473927554009614

2744 comborobin the Grappler (level 9, 0/75 HPs)
             Began as a Ghoul Delver on Jan 15, 2022.
             Was a Believer of Ashenzari.
             Slain by a yak (6 damage)
             ... on level 8 of the Dungeon.
             The game lasted 00:05:09 (5783 turns).

comborobin the Grappler (Ghoul Delver)              Turns: 5783, Time: 00:05:09

Health: 0/75       AC: 10    Str: 18    XL:     9   Next: 68%
Magic:  8/8        EV: 10    Int:  7    God:    Ashenzari [**....]
Gold:   369        SH:  0    Dex: 10    Spells: 8/8 levels left

rFire   . . .      SeeInvis +     - Unarmed
rCold   + + .      Faith    .   (no shield)
rNeg    + + +      Spirit   .   e - +2 scale mail of Ashenzari's Mistrust {Will+, Cun, Self} (curse)
rPois   ∞          Reflect  .   o - +0 helmet of Toth-Mos's Legacy {Alch, Fort} (curse)
rElec   .          Harm     .   (no cloak)
rCorr   .          Rampage  .   (no gloves)
Will    +....                   (no boots)
Stlth   ++........              (no amulet)
HPRegen 0.00/turn               n - ring "At What Cost Knowledge?" {rC+, Range, Evo} (curse)
MPRegen 0.11/turn               (no ring)

@: inhibited regen
A: claws 1, cold resistance 1, negative energy resistance 3, inhibited
regeneration, torment resistance 2
a: Renounce Religion, Shatter the Chains


You were on level 8 of the Dungeon.
You worshipped Ashenzari.
Ashenzari was pleased with you.
You visited 2 branches of the dungeon, and saw 8 of its levels.

You collected 369 gold pieces.

Inventory:

Hand Weapons
 k - a +1 whip of electrocution
Armour
 a - a +0 leather armour
 e - the cursed +2 scale mail of Ashenzari's Mistrust (worn) {Will+, Cun, Self}
   (You took it off Terence on level 3 of the Dungeon)

   It has a curse which improves the following skills: Cunning: Dodging and
   Stealth.
   Introspection: Fighting and Spellcasting.
 g - a +0 ring mail
 h - a +0 chain mail
 o - the cursed +0 helmet of Toth-Mos's Legacy (worn) {Alch, Fort}
   (You found it on level 6 of the Dungeon)

   It has a curse which improves the following skills: Alchemy: Poison Magic and
   Transmutations.
   Fortitude: Armour and Shields.
Jewellery
 n - the cursed ring "At What Cost Knowledge?" (left claw) {rC+, Range, Evo}
   (You found it on level 6 of the Dungeon)

   [ring of protection from cold]

   rC:        It protects you from cold.
   It has a curse which improves the following skills: Ranged Combat: Slings,
   Bows, Crossbows and Throwing.
   Evocations: Evocations.
 s - a ring of resist corrosion
Wands
 f - a wand of digging (3)
 p - a wand of flame (15)
Scrolls
 b - 2 scrolls of fog
 d - a scroll of fear
 i - 3 scrolls of teleportation
 j - 2 scrolls of immolation
 l - 8 scrolls of identify
 q - a scroll of acquirement
 r - a scroll of vulnerability
Potions
 c - 2 potions of brilliance
 m - 3 potions of curing


   Skills:
 - Level 5.0(6.2) Fighting
 - Level 5.0(6.2) Armour
 - Level 1.7(2.6) Dodging
 - Level 5.4(6.7) Stealth
 * Level 12.3 Unarmed Combat


You had 8 spell levels left.
You didn't know any spells.
Your spell library contained the following spells:

 Spells                   Type           Power      Damage    Failure   Level
 Summon Small Mammal      Summ           0%         N/A       80%         1
 Ignite Poison            Fire/Tmut/Pois 0%         N/A       98%         3
 Call Canine Familiar     Summ           0%         N/A       99%         3
 Mephitic Cloud           Conj/Pois/Air  0%         N/A       99%         3
 Summon Guardian Golem    Hex/Summ       0%         N/A       99%         3
 Swiftness                Air            0%         N/A       99%         3
 Freezing Cloud           Conj/Ice/Air   0%         6-21      100%        5
 Lightning Bolt           Conj/Air       0%         1d11      100%        5
 Storm Form               Tmut/Air       Unusable   N/A       N/A         7

Dungeon Overview and Level Annotations

Branches:
Dungeon (8/15)             Temple (1/1) D:5
   Lair: D:8-11

Altars:
Ashenzari
Gozag
Kikubaaqudgha
Nemelex Xobeh
Sif Muna
Uskayaw
Xom
Yredelemnul
Zin
The Shining One

Shops:
D:3 =   D:6 :

Annotations:
D:8 1 runed translucent door


Innate Abilities, Weirdness & Mutations

You thrive by killing the living.
You are immune to poison.
You have sharp fingernails.
Your flesh is cold resistant. (rC+)
You are immune to negative energy. (rN+++)
You do not regenerate when monsters are visible.
You are immune to unholy pain and torment.


Message History

The yak gores you!
You mangle the yak!!
You kill the yak!
You feel better.
Your Unarmed Combat skill increases to level 12!
You scratch the yak but do no damage. The yak gores you.
You claw the yak!
The yak is heavily wounded.
The yak gores you but does no damage.
You barely miss the yak.
The yak is heavily wounded.
You scratch the yak.
The yak is heavily wounded.
The yak closely misses you.
You completely miss the yak.
The yak is heavily wounded.
The yak gores you but does no damage.
You claw the yak!
The yak is almost dead.
The yak gores you!
* * * LOW HITPOINT WARNING * * *
You barely miss the yak.
The yak is almost dead.
You barely miss the yak.
The yak is almost dead.
The yak gores you but does no damage.
You mangle the yak!!
You kill the yak!
You closely miss the yak. The yak gores you!
* * * LOW HITPOINT WARNING * * *
You claw the yak!
The yak is lightly wounded.
The yak gores you!
* * * LOW HITPOINT WARNING * * *
You scratch the yak.
The yak is moderately wounded.
You barely miss the yak.
The yak is moderately wounded.
The yak gores you.
You die...

*
#Y.................
##..#####...........
###..## ####........
* ,..##...##
#........ .........#
#........ .....#...#
#........ ,
..#...#YY#
*#..#.#### * , .
##..##Y## #.)###.# *
##. ##@# #.## #.#*
## ### *#.# * .# * *
#.# * *# ##* *


You could see 3 yaks.

Vanquished Creatures
  A hornet (D:8)
  2 yaks (D:8)
  4 water moccasins
  2 orc warriors
  An ice beast (D:8)
  2 ogres (D:6)
  A black bear (D:7)
  A necrophage (D:7)
  3 centaurs
  A kobold brigand (D:6)
  A water moccasin skeleton (D:4)
  A howler monkey (D:4)
  A centaur zombie (D:7)
  3 bullfrog skeletons
  An orc priest (D:5)
  3 hounds
  2 jellies
  A bullfrog zombie (D:6)
  A centaur skeleton (D:4)
  Terence (D:3)
  5 iguanas
  8 orc wizards
  5 adders
  A white imp (D:7)
  An adder skeleton (D:4)
  A dart slug (D:5)
  34 orcs
  A ball python (D:3)
  2 bats (D:3)
  An endoplasm (D:3)
  A giant cockroach (D:4)
  A goblin (D:4)
  2 hobgoblins (D:3)
  4 jackals (D:5)
  2 kobolds (D:6)
  A rat (D:2)
103 creatures vanquished.

Vanquished Creatures (others)
  3 plants (D:3)
3 creatures vanquished.

Grand Total: 106 creatures vanquished

Notes
Turn   | Place    | Note
-------+----------+-------------------------------------------
     0 | D:5      | comborobin the Ghoul Delver began the quest for the Orb.
     0 | D:5      | Reached XP level 1. HP: 19/19 MP: 0/0
    73 | D:4      | Noticed an iguana
   126 | D:3      | Found a shimmering blue altar of Sif Muna.
   174 | D:3      | Reached XP level 2. HP: 12/26 MP: 1/1
   496 | D:3      | Reached skill level 1 in Armour
   496 | D:3      | Reached skill level 3 in Unarmed Combat
   496 | D:3      | Reached XP level 3. HP: 31/33 MP: 2/2
   555 | D:3      | Noticed Terence
   558 | D:3      | Reached XP level 4. HP: 20/40 MP: 3/3
   571 | D:3      | Killed Terence
   572 | D:3      | Reached skill level 4 in Unarmed Combat
   581 | D:3      | HP: 1/40 [orc (2)]
  1025 | D:3      | Reached XP level 5. HP: 46/46 MP: 4/4
  1208 | D:3      | Found Jedad's Jewellery Emporium.
  1645 | D:4      | Got the Volume of Feathers
  1786 | D:4      | Identified the +0 ring mail of the Bulwark {rF- Str+5}
  1808 | D:4      | Reached XP level 6. HP: 53/53 MP: 5/5
  1811 | D:4      | Reached skill level 5 in Unarmed Combat
  2043 | D:4      | Found a shimmering altar of Xom.
  2678 | D:5      | Reached skill level 5 in Fighting
  2678 | D:5      | Reached XP level 7. HP: 55/61 MP: 6/6
  2687 | D:5      | Reached skill level 6 in Unarmed Combat
  2747 | D:5      | Found a staircase to the Ecumenical Temple.
  2976 | Temple   | Entered the Ecumenical Temple
  2982 | Temple   | Became a worshipper of Ashenzari the Shackled
  3246 | D:5      | Reached skill level 7 in Unarmed Combat
  3621 | D:6      | Reached XP level 8. HP: 38/68 MP: 7/7
  3838 | D:6      | Reached skill level 8 in Unarmed Combat
  4178 | D:6      | Reached skill level 9 in Unarmed Combat
  4180 | D:6      | Found Paecah's Book Emporium.
  4330 | D:7      | Reached skill level 5 in Armour
  4482 | D:7      | Reached skill level 10 in Unarmed Combat
  4482 | D:7      | Reached XP level 9. HP: 39/74 MP: 8/8
  5117 | D:8      | Reached * piety under Ashenzari
  5117 | D:8      | Identified a scroll of acquirement
  5169 | D:8      | Reached ** piety under Ashenzari
  5248 | D:8      | Reached skill level 11 in Unarmed Combat
  5568 | D:8      | Found a runed translucent door.
  5568 | D:8      | Noticed a sixfirhy
  5733 | D:8      | Noticed a hornet
  5752 | D:8      | Killed a hornet
  5771 | D:8      | Reached skill level 12 in Unarmed Combat
  5783 | D:8      | Slain by a yak

Illustrated notes

Levels and vault maps discovered:
D:2:      layout_basic
D:3:      layout_loops_ring, mainiacjoe_overflow_boulevard, serial_shops,
          nicolae_square_shop, uniq_terence
D:4:      wander_river, layout_loops_ring, lemuel_crystal_altar
D:5:      layout_loops_ring, minmay_temple_entry_water_ring
D:6:      layout_basic, serial_shops, nicolae_shop_behind_doors,
          chequers_serial_rivers_small_3
D:7:      layout_rooms, minmay_quadrilaterals
D:8:      cheibrodos_shockbox, layout_layer_cave, minmay_misc_feat_rows
Temple:   eino_narrow_crystal_temple

Skill      XL: |  1  2  3  4  5  6  7  8  9 |
---------------+----------------------------+-----
Armour         | 1 2 4 5 |  5.0
Unarmed Combat | 3 4 5 7 10 12 | 12.3
Fighting       | 4 5 |  5.0
Dodging        | |  1.7
Stealth        | |  5.4

Action                   |  1- 3 |  4- 6 |  7- 9 || total
-------------------------+-------+-------+-------++-------
Melee: Unarmed           |    47 |   167 |   247 ||   461
       Punch             |     1 |     6 |    14 ||    21
Invok: Curse Item        |       |       |     3 ||     3
  Use: Potion            |     1 |     4 |     1 ||     6
       Scroll            |       |     1 |       ||     1
 Stab: Sleeping          |     1 |       |       ||     1
Armor: Chain mail        |    30 |     1 |       ||    31
       Ring mail         |     1 |       |       ||     1
       Scale mail        |       |    72 |    96 ||   168
Dodge: Dodged            |    14 |    69 |   114 ||   197

Table legend: (Time is in decaauts)
 A = Elapsed time spent in this place.
 B = Non-inter-level travel time spent in this place.
 C = Inter-level travel time spent in this place.
 D = Time resting spent in this place.
 E = Time spent auto-exploring this place.
 F = Levels seen in this place.
 G = Mean time per level.
                   A        B        C        D        E       F      G
               +--------+--------+--------+--------+--------+-----+--------+
         Total |   5742 |   5466 |    276 |    554 |   3923 |   8 |  717.8 |
       Dungeon |   5729 |   5459 |    270 |    554 |   3923 |   7 |  818.4 |
        Temple |     12 |      7 |      5 |      0 |      0 |   1 |   12.0 |
               +--------+--------+--------+--------+--------+-----+--------+

Top non-repeatable levels by time:
     D:3: 1352 daAuts
     D:4: 1141 daAuts
     D:5: 1043 daAuts
     D:7: 787 daAuts
     D:8: 699 daAuts
     D:6: 666 daAuts
     D:2: 38 daAuts
  Temple: 12 daAuts
